AoeStats
← adrazduarte

Arabia

506961607Analyzed
1v1 RM · 16d ago on Sep 16, 2026· 25m 51s· 2 players
Game mode
Random Map
Map size
Tiny (2 player)
Population
200
Speed
Normal
Resources
Standard
Victory
Conquest
Starting age
Dark Age
Ending age
Imperial Age
RankedLock teamsTeams togetherTeam positionsShared explorationLock speedFull tech treeHidden civsTurbo modeCheats
Victory
Defeat
🇩🇰 Persians · Denmark
1232
+16
🇲🇽 Malians · Mexico
1225
-16
adrazduarte
6:48 Loom
9:44 Feudal Age
10:16 Double-Bit Axe
18:07 Wheelbarrow
24:55 Castle Age
23:21 Padded Archer Armor
23:31 Fletching
23:40 Gold Mining
25:18 Crossbowman
25:54 Bodkin Arrow
Cabeceo_e
6:02 Loom
8:33 Feudal Age
10:17 Man-at-Arms
14:18 Padded Archer Armor
14:11 Fletching
24:16 Castle Age
22:26 Double-Bit Axe
23:07 Bloodlines
23:33 Scale Barding Armor
24:04 Forging
24:57 Scale Mail Armor
25:20 Chain Barding Armor
25:38 Husbandry
Connection lost

Rejoining the realm…

Still unreachable

The connection could not be restored.

Session expired

The server has moved on; the page needs a fresh start.